 Dungeon Crawl Stone Soup version 0.29.0-7-g18a832c13a (webtiles) character file.

Game seed: 6373444439472786447

211 snetch the Magician (level 6, -4/43 HPs)
             Began as a Djinni Fire Elementalist on Aug 30, 2022.
             Was a Believer of Cheibriados.
             Slain by a human zombie (6 damage)
             ... in an ossuary.
             The game lasted 00:06:55 (2770 turns).

snetch the Magician (Djinni Fire Elementalist)      Turns: 2770, Time: 00:06:57

Health: -4/43      AC:  3    Str: 12    XL:     6   Next: 13%
Gold:   78         EV: 13    Int: 24    God:    Cheibriados [**....] SH:  0 Dex: 18

rFire   + + .      SeeInvis .   (no weapon)
rCold   x . .      Faith    .   (no shield)
rNeg    . . .      Spirit   .   a - +0 robe
rPois   ∞          Reflect  .   (no helmet)
rElec   .          Harm     .   (no cloak)
rCorr   .          Rampage  .   k - +0 pair of gloves
Will    .....                   (boots unavailable)
Stlth   ++........              (no amulet)
HPRegen 0.14/turn               (no ring)
MPRegen 0.00/turn               (no ring)

@: flying, very slow
A: sickness immunity, fire resistance 2, cold vulnerability 1, float, innate
caster, HP casting, extra vitality 1
a: Renounce Religion, Bend Time


You were in an ossuary.
You worshipped Cheibriados.
Cheibriados was pleased with you.
You visited 1 branch of the dungeon, and saw 4 of its levels.
You also visited: Ossuary.

You collected 78 gold pieces.

Inventory:

Missiles
 h - 3 javelins
 o - 14 stones
 r - 3 boomerangs
Armour
 a - a +0 robe (worn)
 i - a +0 plate armour
 k - a +0 pair of gloves (worn)
Jewellery
 c - a +4 ring of evasion
Wands
 s - a wand of charming (14)
Scrolls
 d - 2 scrolls of identify {unknown}
 n - 2 scrolls of teleportation {unknown}
 p - 2 scrolls of immolation {unknown}
 t - a scroll of vulnerability {unknown}
Potions
 b - 2 potions of curing {unknown}
 e - a potion of cancellation {unknown}
 f - a potion of berserk rage {unknown}
 g - a potion of attraction {unknown}
 j - a potion of ambrosia {unknown}
 l - 3 potions of magic {unknown}
 m - 4 potions of haste {unknown}
 q - a potion of might {unknown}


   Skills:
 * Level 2.3 Fighting
 + Level 2.6 Dodging
 + Level 2.1 Stealth
 + Level 4.1 Spellcasting


You couldn't memorise any spells.
You knew the following spells:

 Your Spells              Type           Power      Damage    Failure   Level
a - Foxfire               Conj/Fire      96%        2x1d8     1%          1
b - Scorch                Fire           48%        2d7       2%          2
c - Conjure Flame         Conj/Fire      24%        6-21      5%          3
d - Inner Flame           Hex/Fire       24%        N/A       5%          3
e - Flame Wave            Conj/Fire      24%        2d8       17%         4
f - Beastly Appendage     Tmut           48%        N/A       1%          1
g - Call Imp              Summ           24%        N/A       2%          2
Your spell library was empty.

Dungeon Overview and Level Annotations

Branches:
Dungeon (4/15)            Ossuary (1/1)
 Temple: D:4-7

Altars:
Cheibriados

Annotations:
D:4 awesomegowd's ghost, amateur MiFi


Innate Abilities, Weirdness & Mutations

You are immune to sickness and miasma.
You are immune to poison.
Your flesh is very heat resistant. (rF++)
You are vulnerable to cold. (rC-)
You float through the air rather than walking.
You learn spells naturally, not from books.
Your magical power is your life essence.
You have superior vitality. (+4 MHP)


Message History

The human zombie hits you but does no damage.
The adder zombie attacks as you move away!
The adder zombie closely misses you. The human zombie hits you.
* * * LOW HITPOINT WARNING * * *
Your white imp gestures at the human zombie.
The puff of frost hits the adder zombie.
The adder zombie resists.
The adder zombie barely misses you.
Your magical contamination has completely faded away.
Your white imp hits the adder zombie.
Your white imp freezes the adder zombie.
The adder zombie completely resists.
The adder zombie bites your white imp but does no damage.
Your white imp hits the adder zombie.
Your white imp freezes the adder zombie.
The adder zombie completely resists.
You are too injured to fight recklessly!
Casting: Foxfire (safe; 1% risk of failure)
Press: ? - help, Q - select action, (/) - cycle Dir - look around, f - activate You conjure some foxfire!
* * * LOW HITPOINT WARNING * * *
The adder zombie bites your white imp but does no damage.
The human zombie hits you.
* * * LOW HITPOINT WARNING * * *
Your white imp misses the adder zombie.
The foxfire hits the human zombie.
The human zombie is moderately damaged.
The foxfire hits the human zombie.
The human zombie is moderately damaged.
The adder zombie barely misses your white imp.
The human zombie closely misses you.
Your white imp gestures at the adder zombie.
The puff of frost hits the adder zombie.
The adder zombie resists.
Casting: Foxfire (safe; 1% risk of failure)
Press: ? - help, Q - select action, (/) - cycle Dir - look around, f - activate You conjure some foxfire!
* * * LOW HITPOINT WARNING * * *
The adder zombie bites your white imp but does no damage.
The human zombie hits you.
You die...

#..##
#...####
#......######
#............
#............
#......######
#...####
#§v## #@v#
#5Z## #.ZZ#
#......#
#.........
#.........
##########


You could see an adder zombie (ally target), a kobold zombie, a human zombie
(ally target) and a friendly white imp (summoned).

Vanquished Creatures
  An elf zombie (Ossuary)
  A centaur zombie (Ossuary)
  A jelly (D:4)
  2 adders
  2 adder zombies (Ossuary)
  A dart slug (D:2)
  3 bats
  4 endoplasms (D:1)
  3 giant cockroaches
  9 goblins
  2 hobgoblins
  6 jackals
  2 quokkas (D:1)
  6 ball pythons
  A frilled lizard (D:2)
  A goblin zombie (Ossuary)
  2 hobgoblin zombies (Ossuary)
  A jackal zombie (Ossuary)
  6 kobolds
  2 orc zombies (Ossuary)
  2 quokka zombies (Ossuary)
  4 rats (D:1)
  A rat zombie (Ossuary)
63 creatures vanquished.

Vanquished Creatures (others)
  217 foxfires
217 creatures vanquished.

Grand Total: 280 creatures vanquished

Notes
Turn   | Place    | Note
-------+----------+-------------------------------------------
     0 | D:1      | snetch the Djinni Fire Elementalist began the quest for the
                  | Orb.
     0 | D:1      | snetch set off with the following spells memorised:
                  | Foxfire, Scorch, Conjure Flame, Inner Flame, Flame Wave.
     0 | D:1      | Reached XP level 1. HP: 15/15 MP: 0/0
   293 | D:1      | Reached XP level 2. HP: 20/22 MP: 0/0
   905 | D:1      | Found a faded altar of an unknown god.
   910 | D:1      | Reached XP level 3. HP: 22/26 MP: 0/0
   910 | D:1      | Learned a level 1 spell: Beastly Appendage
   913 | D:1      | Reached skill level 3 in Spellcasting
  1008 | D:1      | Prayed at the altar of an unknown god.
  1008 | D:1      | Became a worshipper of Cheibriados the Contemplative
  1008 | D:1      | Reached * piety under Cheibriados
  1684 | D:2      | Reached skill level 1 in Fighting
  1930 | D:2      | Reached ** piety under Cheibriados
  1999 | D:2      | Reached XP level 4. HP: 31/32 MP: 0/0
  2537 | D:4      | Reached XP level 5. HP: 34/38 MP: 0/0
  2537 | D:4      | Learned a level 2 spell: Call Imp
  2539 | D:4      | Noticed awesomegowd's ghost (amateur MiFi)
  2560 | D:4      | Found a sand-covered staircase.
  2565 | Ossuary  | Entered an ossuary
  2759 | Ossuary  | Reached skill level 4 in Spellcasting
  2765 | Ossuary  | Reached XP level 6. HP: 10/43 MP: 0/0
  2770 | Ossuary  | Slain by a human zombie

Illustrated notes

Levels and vault maps discovered:
D:1:      heliophobic_arrival_glass_houses, layout_basic,
          hellmonk_ecumenical_altar_dog_temple
D:2:      layout_basic
D:3:      layout_loops_cross, lemuel_tele_altar
D:4:      layout_basic, enter_ossuary_5, gammafunk_ghost_stat_death,
          grunt_decor_resistance, chequers_garden
Ossuary:  minmay_ossuary_two_tombs

Skill      XL: |  1  2  3  4  5 |
---------------+----------------+-----
Spellcasting   | 3 4 |  4.1
Fighting       | 1 2 |  2.3
Stealth        | 2 |  2.1
Dodging        | |  2.6

Action                   |  1- 3 |  4- 6 || total
-------------------------+-------+-------++-------
Melee: Unarmed           |     1 |     1 ||     2
       Punch             |     1 |       ||     1
 Cast: Foxfire           |    82 |    48 ||   130
       Scorch            |       |     5 ||     5
       Call Imp          |       |     1 ||     1
Armor: Robe              |     6 |     3 ||     9
Dodge: Dodged            |    15 |    15 ||    30
